 Dungeon Crawl Stone Soup version 0.27-a0-1119-gbf574a6a6b (webtiles) character file.

Game seed: 17902018778055292148

1969 Zeld the Skirmisher (level 9, -5/64 HPs)
             Began as an Octopode Fighter on May 2, 2021.
             Was a Priest of Okawaru.
             Slain by an orc warrior
             ... wielding a +0 glaive
              (29 damage)
             ... on level 7 of the Dungeon.
             The game lasted 00:10:24 (9967 turns).

Zeld the Skirmisher (Octopode Fighter)              Turns: 9967, Time: 00:10:25

Health: -5/64      AC:  1    Str: 18    XL:     9   Next: 20%
Magic:  9/9        EV: 12    Int: 10    God:    Okawaru [***...]
Gold:   109        SH: 10    Dex: 12    Spells: 8/8 levels left

rFire    . . .     SeeInvis .   a - +0 war axe
rCold    . . .     Faith    .   b - +0 kite shield
rNeg     . . .     Spirit   .   p - +0 hat
rPois    +         Reflect  .   (no amulet)
rElec    .         Harm     .   i - ring of poison resistance
rCorr    .         Rampage  .   q - ring of flight
Will     .....                  (no ring)
Stlth    ++........             (no ring)
HPRegen  0.20/turn              (no ring)
MPRegen  0.11/turn              (no ring)
                                (no ring)
                                (no ring)

@: flying
A: almost no armour, amphibious, 8 rings, camouflage 1, gelatinous body 1,
(nimble swimmer 1), tentacles
a: Renounce Religion, Heroism


You were on level 7 of the Dungeon.
You worshipped Okawaru.
Okawaru was most pleased with you.
You visited 2 branches of the dungeon, and saw 8 of its levels.

You collected 333 gold pieces.
You spent 224 gold pieces at shops.

Inventory:

Hand Weapons
 a - a +0 war axe (weapon)
Missiles
 f - 20 poisoned darts (quivered)
Armour
 b - a +0 kite shield (worn)
 p - a +0 hat (worn)
Jewellery
 i - a ring of poison resistance (left tentacle)
 q - a ring of flight (right tentacle)
Wands
 g - a wand of mindburst (14)
 h - a wand of acid (4)
Scrolls
 e - a scroll of blinking
 l - a scroll of holy word
 r - a scroll of teleportation
Potions
 c - a potion of resistance
 d - a potion of magic
 j - 3 potions of curing
 m - 2 potions of flight {unknown}
 n - a potion of invisibility {unknown}
 o - a potion of heal wounds {unknown}
 s - a potion of might


   Skills:
 - Level 7.0 Fighting
 - Level 6.5 Axes
 * Level 4.2 Throwing
 - Level 3.0 Dodging
 - Level 6.9 Shields


You had 8 spell levels left.
You didn't know any spells.
Your spell library contained the following spells:

 Spells                   Type           Power      Damage    Failure   Level
 Confusing Touch          Hex            0%         N/A       97%         3
 Gell's Gravitas          Tloc           0%         N/A       97%         3
 Petrify                  Tmut/Erth      0%         N/A       100%        4
 Metabolic Englaciation   Hex/Ice        0%         N/A       100%        5
 Yara's Violent Unravell  Hex/Tmut       0%         3d3       100%        5


Dungeon Overview and Level Annotations

Branches:
Dungeon (7/15)             Temple (1/1) D:4

Altars:
Dithmenos
Elyvilon
Fedhas
Gozag
Kikubaaqudgha
Makhleb
Nemelex Xobeh
Okawaru
Qazlal
Ru
Sif Muna
Trog
Uskayaw
Vehumet
Wu Jian
Xom
Yredelemnul
The Shining One

Shops:
D:2 ?   D:3 *

Annotations:
D:3 1 transporter


Innate Abilities, Weirdness & Mutations

You cannot wear most types of armour.
You are amphibious.
You can wear up to eight rings at the same time.
Your skin changes colour to match your surroundings (Stealth+).
Your rubbery body absorbs attacks. (AC +1, EV +1)
((You are camouflaged near water. (Stealth+)))
You have tentacles for arms and can constrict up to eight enemies at once.


Message History

HP restored.
q - a ring of flight You see here 4 potions of attraction.
Drop what? 19/52 slots (_ for help) (? for menu, Esc to quit)
You drop a +0 dagger.
You don't have any such object.
Inscribe which item? (? for menu, Esc to quit)
You don't have any such object.
Inscribe which item? (? for menu, Esc to quit)
Okay, then.
You fly up into the air.
q - a ring of flight (right tentacle) Drop what? 18/52 slots (_ for help) (? for menu, Esc to quit)
Okay, then.
There is a stone staircase leading up here.
Found a dagger.
You see here a +0 dagger.
You now have enough gold to buy a scroll of enchant weapon on D:2, or buy a scroll of holy word on D:2.
You can access your shopping list by pressing '$'.
You now have 98 gold pieces (gained 14).
Found 18 arrows.
You now have 109 gold pieces (gained 11).
An orc comes into view. It is wielding a +0 club.
An orc is nearby!
Okay, then.
An orc and an orc warrior come into view.
The orc shouts!
The orc warrior shouts!
You hear a shout!
An orc comes into view. It is wielding a +0 dagger.
You hit the orc but do no damage. Your grab misses the orc.
The orc warrior hits you from afar with a +0 glaive!!
The orc barely misses you. The orc hits you with a +0 club.
You hit the orc. You grab the orc.
The orc is severely wounded.
You constrict the orc.
You kill the orc!
Okawaru accepts your kill.
The orc warrior hits you from afar with a +0 glaive!
The orc warrior hits you from afar with a +0 glaive!!
You die...

##### ....
... .. #.##
#..#
###.####.###
#(@)o.o.....
#.##o###.###
#.##..#
#.###.#
#########.#
.#
..........#
.#
########..#
.# #..###.##
#........


You could see an orc warrior and 2 orcs.

Vanquished Creatures
  A steam dragon (D:2)
  Menkaure (D:4)
  3 ice beasts
  A necrophage (D:5)
  A hornet zombie (D:6)
  4 ogres
  2 phantoms (D:4)
  A kobold brigand (D:7)
  2 water moccasin zombies
  A scorpion (D:6)
  A wyvern skeleton (D:5)
  2 water moccasin skeletons (D:5)
  A centaur zombie (D:6)
  An orc priest (D:5)
  A hound (D:4)
  A centaur skeleton (D:6)
  3 iguanas
  3 orc wizards
  5 adders
  A white imp (D:3)
  An adder skeleton (D:4)
  2 worms
  A dart slug (D:4)
  9 orcs
  5 ball pythons
  6 endoplasms
  A giant cockroach (D:3)
  6 hobgoblins
  9 jackals
  11 kobolds
  7 quokkas
  5 bats
  12 frilled lizards
  4 rats
115 creatures vanquished.

Vanquished Creatures (others)
  7 plants (D:4)
7 creatures vanquished.

Grand Total: 122 creatures vanquished

Notes
Turn   | Place    | Note
-------+----------+-------------------------------------------
     0 | D:1      | Zeld the Octopode Fighter began the quest for the Orb.
     0 | D:1      | Reached XP level 1. HP: 16/16 MP: 1/1
   179 | D:2      | Reached XP level 2. HP: 15/21 MP: 2/2
   549 | D:3      | Reached XP level 3. HP: 21/26 MP: 3/3
   921 | D:4      | Found a staircase to the Ecumenical Temple.
   931 | Temple   | Entered the Ecumenical Temple
   939 | Temple   | Became a worshipper of Warmaster Okawaru
  2083 | D:2      | Found Ypsasegg's Magic Scroll Boutique.
  2086 | D:2      | Bought a scroll of identify for 24 gold pieces
  2086 | D:2      | Bought a scroll of identify for 24 gold pieces
  2086 | D:2      | Bought a scroll of identify for 24 gold pieces
  2122 | D:2      | Reached XP level 4. HP: 27/33 MP: 4/4
  2187 | D:2      | Noticed a steam dragon
  2196 | D:2      | Killed a steam dragon
  2196 | D:2      | Reached * piety under Okawaru
  2197 | D:2      | Reached skill level 4 in Fighting
  2197 | D:2      | Reached XP level 5. HP: 19/37 MP: 5/5
  2779 | D:3      | Found Laorphef's Assorted Antiques.
  2808 | D:3      | Found an ornate altar of the Wu Jian Council.
  3777 | D:3      | Found a sparkling altar of Nemelex Xobeh.
  3777 | D:3      | Found a transporter.
  3777 | D:3      | Noticed an orc warrior
  4271 | D:4      | Reached XP level 6. HP: 36/44 MP: 6/6
  4786 | D:4      | Noticed an ice beast
  4842 | D:4      | Killed an ice beast
  4843 | D:4      | Reached skill level 5 in Fighting
  4843 | D:4      | Reached skill level 5 in Shields
  4843 | D:4      | Reached XP level 7. HP: 16/50 MP: 7/7
  5118 | D:4      | Noticed Menkaure
  5341 | D:5      | Entered Level 5 of the Dungeon
  5753 | D:5      | Reached skill level 5 in Axes
  6919 | D:5      | Reached ** piety under Okawaru
  6920 | D:5      | Reached XP level 8. HP: 57/57 MP: 8/8
  7186 | D:5      | Reached skill level 6 in Fighting
  7684 | D:3      | Bought a scroll of identify for 38 gold pieces
  7684 | D:3      | Bought a scroll of identify for 38 gold pieces
  7684 | D:3      | Bought an emerald potion for 17 gold pieces
  7684 | D:3      | Bought a sedimented ruby potion for 17 gold pieces
  7736 | D:2      | Bought a scroll of fear for 42 gold pieces
  8027 | D:4      | Killed Menkaure
  8312 | D:6      | Reached *** piety under Okawaru
  8572 | D:6      | Reached skill level 7 in Fighting
  8677 | D:6      | Identified the ring "Luts" {rF- MP+9 Str+2 Slay+3}
  8823 | D:6      | Reached skill level 1 in Throwing
  9043 | D:6      | Found a bloodstained altar of Trog.
  9052 | D:6      | Reached XP level 9. HP: 44/64 MP: 9/9
  9967 | D:7      | Slain by an orc warrior

Illustrated notes

Levels and vault maps discovered:
D:1:      amcnicky_arrival_abandoned_market, layout_basic, serial_curves,
          eino_curves_04, eino_curves_02, eino_curves_01
D:2:      layout_rooms, serial_shops, nicolae_shop_behind_doors
D:3:      layout_loops_cross, lemuel_crystal_altar, grunt_nemelex_the_gamble,
          serial_shops, shop, chequers_serial_rivers_micro_c
D:4:      layout_basic, temple_fountains, minmay_lizard_king, uniq_menkaure
D:5:      layout_basic
D:6:      layout_loops_cross, trog_book, serial_bayou_lagoon_a,
          chequers_serial_rivers_micro_c
D:7:      layout_basic, minmay_misc_feat_pillars, st_stairs_7
Temple:   nicolae_temple_no_exploring_needed

Skill      XL: |  1  2  3  4  5  6  7  8  9 |
---------------+----------------------------+-----
Fighting       | 4 5 7 |  7.0
Axes           | 3 4 5 6 |  6.5
Shields        | 4 5 6 |  6.9
Throwing       | 2 4 |  4.2
Dodging        | |  3.0

Action                   |  1- 3 |  4- 6 |  7- 9 || total
-------------------------+-------+-------+-------++-------
Melee: War axe           |    65 |    57 |   140 ||   262
       Constrict         |    21 |    13 |    24 ||    58
       Tentacles         |     7 |     9 |    20 ||    36
Throw: Dart              |       |       |     7 ||     7
Evoke: Wand              |       |     5 |     4 ||     9
  Use: Scroll            |     1 |     7 |    10 ||    18
       Potion            |       |     1 |     2 ||     3
 Stab: Sleeping          |     5 |     3 |     4 ||    12
       Distracted        |       |     1 |       ||     1
Armor: Skin              |     4 |     4 |     4 ||    12
Dodge: Dodged            |    39 |    23 |    62 ||   124
Block: Kite shield       |    30 |    25 |    54 ||   109

Table legend: (Time is in decaauts)
 A = Elapsed time spent in this place.
 B = Non-inter-level travel time spent in this place.
 C = Inter-level travel time spent in this place.
 D = Time resting spent in this place.
 E = Time spent auto-exploring this place.
 F = Levels seen in this place.
 G = Mean time per level.
                   A        B        C        D        E       F      G
               +--------+--------+--------+--------+--------+-----+--------+
         Total |  10100 |   9516 |    584 |   1373 |   6986 |   8 | 1262.5 |
       Dungeon |  10085 |   9507 |    578 |   1373 |   6986 |   7 | 1440.7 |
        Temple |     15 |      9 |      6 |      0 |      0 |   1 |   15.0 |
               +--------+--------+--------+--------+--------+-----+--------+

Top non-repeatable levels by time:
     D:4: 2964 daAuts
     D:5: 1548 daAuts
     D:3: 1536 daAuts
     D:6: 1397 daAuts
     D:1: 1207 daAuts
     D:2: 1050 daAuts
     D:7: 380 daAuts
  Temple: 15 daAuts
